 Dungeon Crawl Stone Soup version 0.22.0 (webtiles) character file.

2066 GroovyGamera the Fighter (level 9, -9/82 HPs)
             Began as a Minotaur Berserker on Aug 13, 2018.
             Was a Priest of Trog.
             Mangled by an orc warrior
             ... wielding a +0 glaive
              (10 damage)
             ... on level 7 of the Dungeon.
             The game lasted 00:11:25 (5732 turns).

GroovyGamera the Fighter (Minotaur Berserker)       Turns: 5732, Time: 00:11:25

Health: -9/82      AC: 12    Str: 27    XL:     9   Next: 5%
Magic:  8/8        EV:  7    Int:  4    God:    Trog [***...]
Gold:   271        SH: 10    Dex: 10    Spells: 8/8 levels left

rFire    . . .     SeeInvis .   p - +0 war axe
rCold    . . .     Gourm    .   t - +0 shield (curse)
rNeg     + . .     Faith    .   g - +0 chain mail
rPois    .         Spirit   .   (helmet restricted)
rElec    .         Reflect  .   (no cloak)
rCorr    .         Harm     .   i - +0 pair of gloves
MR       .....                  (no boots)
Stlth    ..........             (no amulet)
HPRegen  0.23/turn              w - ring of positive energy
MPRegen  0.11/turn              l - +2 ring of strength

@: no status effects
A: retaliatory headbutt, horns 2
a: Berserk, Trog's Hand, Renounce Religion


You were on level 7 of the Dungeon.
You worshipped Trog.
Trog was most pleased with you.
You were not hungry.

You visited 1 branch of the dungeon, and saw 7 of its levels.

You collected 271 gold pieces.

Inventory:

Hand Weapons
 m - a +2 hand axe of flaming
 p - a +0 war axe (weapon)
Missiles
 h - 21 bolts
Armour
 g - a +0 chain mail (worn)
 i - a +0 pair of gloves (worn)
 t - a cursed +0 shield (worn)
Jewellery
 f - an uncursed ring of fire
 l - a +2 ring of strength (right hand)
 w - a ring of positive energy (left hand)
Scrolls
 a - 2 scrolls of enchant armour
 d - a scroll of remove curse
 k - 4 scrolls of teleportation
 u - 2 scrolls of magic mapping
Potions
 b - a potion of cancellation {unknown}
 e - a potion of haste
 j - a potion of magic {unknown}
 n - 2 potions of resistance
 o - a potion of lignification {unknown}
 r - a potion of agility {unknown}
 s - 2 potions of heal wounds
 v - a potion of flight {unknown}
 z - 2 potions of invisibility {unknown}
 A - a potion of berserk rage {unknown}
 B - a potion of curing {unknown}
Comestibles
 c - 12 rations
 q - 2 chunks of flesh


   Skills:
 + Level 8.6 Fighting
 + Level 8.5 Axes
 + Level 8.1 Armour
 - Level 2.1 Dodging
 * Level 4.4 Shields


You had 8 spell levels left.
You didn't know any spells.
Your spell library was empty.

Dungeon Overview and Level Annotations

Branches:
Dungeon (7/15)             Temple (0/1) D:6

Altars:
Ashenzari
Fedhas
Hepliaklqana
Kikubaaqudgha
Ru
Sif Muna
Wu Jian
The Shining One

Shops:
D:5 (


Innate Abilities, Weirdness & Mutations

You reflexively headbutt those who attack you in melee.
You have a pair of horns on your head.


Message History

The orc warrior hits you with a glaive!!
The orc priest barely misses you. The orc warrior closely misses you.
The orc priest looks encouraged for a moment.
The hippogriff bites you.
* * * LOW HITPOINT WARNING * * *
You block the hippogriff's attack.
The hippogriff claws you but does no damage.
You see here a hound corpse.
The orc warrior hits you from afar with a glaive!
* * * LOW HITPOINT WARNING * * *
You block the hippogriff's attack. x2
The hippogriff claws you but does no damage.
An orc comes into view. It is wielding a falchion.
There is a stone staircase leading up, spattered with blood here.
The orc shouts!
You block the hippogriff's attack. x2; The hippogriff claws you.
* * * LOW HITPOINT WARNING * * *
The orc warrior hits you from afar with a glaive!
You die...

#
###.
...
#.#
##†.#
#@H#
##o##
#o)#
#o##


.oF .../. ..##Wo# # ... .##. You could see a hippogriff, a phantom, an orc
warrior, a bullfrog, an orc priest and 3 orcs.

Vanquished Creatures
  Edmund (D:4)
  2 ice beasts
  3 ogres
  A phantom (D:6)
  3 sky beasts
  2 centaurs
  A bullfrog (D:6)
  A wyvern zombie (D:6)
  A water moccasin zombie (D:6)
  A scorpion (D:7)
  2 bullfrog zombies
  4 orc priests
  2 hounds
  2 jellies (D:6)
  A centaur skeleton (D:4)
  An iguana (D:6)
  Terence (D:2)
  Natasha (D:2)
  2 orc wizards
  3 worker ants
  A worker ant zombie (D:6)
  8 adders
  A howler monkey skeleton (D:6)
  A shadow imp (D:5)
  4 oozes
  An adder skeleton (D:6)
  5 worms
  3 dart slugs
  3 leopard geckos
  11 orcs
  5 giant cockroaches
  6 goblins
  6 hobgoblins
  9 jackals
  7 kobolds
  2 quokkas
  6 bats
  6 frilled lizards
  5 rats
125 creatures vanquished.

Vanquished Creatures (others)
  An orc wizard (D:3)
1 creature vanquished.

Grand Total: 126 creatures vanquished

Notes
Turn   | Place    | Note
-------+----------+-------------------------------------------
     0 | D:1      | GroovyGamera the Minotaur Berserker began the quest for the Orb.
     0 | D:1      | Reached XP level 1. HP: 19/19 MP: 0/0
   351 | D:1      | Reached XP level 2. HP: 12/27 MP: 1/1
  1350 | D:2      | Reached XP level 3. HP: 29/33 MP: 2/2
  1798 | D:2      | Reached XP level 4. HP: 35/41 MP: 3/3
  1814 | D:2      | Noticed Terence
  1834 | D:2      | Killed Terence
  1930 | D:2      | Noticed Natasha
  1934 | D:2      | Killed Natasha
  2209 | D:2      | Noticed a centaur
  2219 | D:2      | Killed a centaur
  2219 | D:2      | Reached skill level 5 in Fighting
  2219 | D:2      | Reached skill level 5 in Axes
  2219 | D:2      | Reached XP level 5. HP: 7/48 MP: 4/4
  2221 | D:2      | Reached ** piety under Trog
  2768 | D:3      | Found a shattered altar of Ashenzari.
  2770 | D:3      | Reached XP level 6. HP: 56/56 MP: 5/5
  2810 | D:3      | Found a deep blue altar of Sif Muna.
  3101 | D:3      | Found a glowing golden altar of the Shining One.
  3149 | D:4      | Noticed Edmund
  3158 | D:4      | Killed Edmund
  3158 | D:4      | Reached skill level 5 in Armour
  3367 | D:4      | Reached XP level 7. HP: 30/63 MP: 6/6
  3887 | D:4      | Reached *** piety under Trog
  3896 | D:4      | Found a blossoming altar of Fedhas.
  3898 | D:4      | Found an ancient bone altar of Kikubaaqudgha.
  4056 | D:5      | Entered Level 5 of the Dungeon
  4076 | D:5      | Found a hazy altar of Hepliaklqana.
  4087 | D:5      | Found an ornate altar of the Wu Jian Council.
  4233 | D:5      | Found a sacrificial altar of Ru.
  4300 | D:5      | Reached XP level 8. HP: 31/73 MP: 7/7
  4715 | D:5      | Found Wakko's Antique Weapon Shop.
  4957 | D:6      | Reached skill level 1 in Shields
  5312 | D:6      | Found a staircase to the Ecumenical Temple.
  5719 | D:7      | Reached XP level 9. HP: 77/82 MP: 8/8
  5731 | D:7      | HP: 4/82 [orc warrior/glaive (17)]
  5732 | D:7      | HP: 1/82 [hippogriff (3)]
  5732 | D:7      | Mangled by an orc warrior

Skill      XL: |  1  2  3  4  5  6  7  8 |
---------------+-------------------------+-----
Fighting       | 4 5 6 7 8 |  8.6
Axes           | 4 5 6 7 8 |  8.5
Armour         | 3 4 5 6 8 |  8.1
Shields        | 4 |  4.4
Dodging        | |  2.1

Action                   |  1- 3 |  4- 6 |  7- 9 || total
-------------------------+-------+-------+-------++-------
Melee: Hand axe          |    77 |    57 |       ||   134
       Headbutt          |     8 |    16 |    32 ||    56
       War axe           |       |    52 |   146 ||   198
Invok: Trog's Hand       |       |     1 |     1 ||     2
       Berserk           |       |     1 |       ||     1
  Use: Scroll            |       |     6 |     3 ||     9
  Eat: Chunk             |     2 |     6 |     9 ||    17
Armor: Animal skin       |    11 |     1 |       ||    12
       Scale mail        |       |    13 |       ||    13
       Leather armour    |       |     9 |       ||     9
       Chain mail        |       |    27 |    61 ||    88
Dodge: Dodged            |    67 |    50 |    34 ||   151
Block: Shield            |       |    17 |    59 ||    76
